 Dungeon Crawl Stone Soup version 0.28.0 (webtiles) character file.

Game seed: 3618043332963074857

1 themarg the Caller (level 1, -3/13 HPs)
             Began as a Merfolk Summoner on Feb 10, 2022.
             Slain by a hobgoblin (5 damage)
             ... on level 1 of the Dungeon.
             The game lasted 00:00:26 (24 turns).

themarg the Caller (Merfolk Summoner)                 Turns: 24, Time: 00:00:26

Health: -3/13      AC:  2    Str:  8    XL:     1   Next: 20%
Magic:  1/3        EV: 12    Int: 14    God:
Gold:   0          SH:  0    Dex: 14    Spells: 3/4 levels left

rFire   . . .      SeeInvis .   b - +0 club
rCold   . . .      Faith    .   (no shield)
rNeg    . . .      Spirit   .   a - +0 robe
rPois   .          Reflect  .   (no helmet)
rElec   .          Harm     .   (no cloak)
rCorr   .          Rampage  .   (no gloves)
Will    .....                   (no boots)
Stlth   ++........              (no amulet)
HPRegen 0.04/turn               (no ring)
MPRegen 0.08/turn               (no ring)

@: no status effects
A: (nimble swimmer 2), mertail
a: no special abilities


You were on level 1 of the Dungeon.
You visited 1 branch of the dungeon, and saw 1 of its levels.

Inventory:

Hand Weapons
 b - a +0 club (weapon)
Armour
 a - a +0 robe (worn)


   Skills:
 + Level 2.6 Dodging
 + Level 2.1 Stealth
 + Level 2.0 Spellcasting
 + Level 4.0 Summonings


You had 3 spell levels left.
You knew the following spells:

 Your Spells              Type           Power      Damage    Failure   Level
a - Summon Small Mammal   Summ           48%        N/A       4%          1

Your spell library contained the following spells:

 Spells                   Type           Power      Damage    Failure   Level
 Call Imp                 Summ           12%        N/A       7%          2
 Call Canine Familiar     Summ           12%        N/A       14%         3
 Summon Guardian Golem    Hex/Summ       7%         N/A       30%         3
 Summon Lightning Spire   Summ/Air       7%         N/A       71%         4


Dungeon Overview and Level Annotations

Branches:
Dungeon (1/15)

Altars:


Innate Abilities, Weirdness & Mutations

((You are very nimble when in or above water. (Stealth+, EV+, Speed+++)))
Your lower body shifts to a powerful aquatic tail in water.


Message History

Your rat barely misses the goblin.
Your rat closely misses the goblin. x2
You closely miss the goblin. The goblin hits you but does no damage.
You closely miss the goblin. Your rat misses the goblin.
A quokka comes into view.
Your rat closely misses the goblin.
The goblin misses you. The hobgoblin hits your rat.
Your rat dies!
Your rat's corpse disappears in a puff of smoke!
You hit the goblin.
The goblin is moderately wounded.
Your rat closely misses the goblin.
The goblin barely misses you.
You barely miss the goblin.
The goblin is moderately wounded.
The quokka bites you.
Your rat closely misses the goblin.
You closely miss the goblin.
The goblin is moderately wounded.
The quokka bites you. The goblin hits you with a +0 club.
Your rat bites the goblin.
The goblin dies!
You closely miss the hobgoblin. The hobgoblin misses you.
The quokka closely misses you.
Your rat closely misses the hobgoblin.
The hobgoblin barely misses you. The quokka bites you.
The quokka bites your rat.
Your rat dies!
Your rat's corpse disappears in a puff of smoke!
Things that are here:
a +0 club; a goblin corpse
b - a +0 club The quokka barely misses you.
The hobgoblin barely misses you. The quokka closely misses you.
The quokka bites you but does no damage.
b - a +0 club (weapon)
The hobgoblin misses you.
Casting: Summon Small Mammal (safe; 4% risk of failure)
Confirm with . or Enter, or press ? or * to list all spells.
The quokka completely misses you. The quokka bites you.
* * * LOW HITPOINT WARNING * * *
The hobgoblin hits you.
You die...

###... ......
##..... ##....#
..# ##.....#
....# ##.....#
.....# ##..rgr#
#.....###....@#
#.....#....r##
#.........##
#..>.8..##
##.....##
##.<.## #...#
#...# #...#


You could see 2 quokkas, a hobgoblin and a friendly quokka (summoned).

Vanquished Creatures (collateral kills)
  A goblin (D:1)
1 creature vanquished.

Notes
Turn   | Place    | Note
-------+----------+-------------------------------------------
     0 | D:1      | themarg the Merfolk Summoner began the quest for the Orb.
     0 | D:1      | Reached XP level 1. HP: 13/13 MP: 3/3
    24 | D:1      | Slain by a hobgoblin

Illustrated notes

Levels and vault maps discovered:
D:1:      psy_arrival_spokes, layout_loops_ring, serial_shops,
          nicolae_diamond_shop

Action                   || total
-------------------------++-------
Melee: Unarmed           ||     6
 Cast: Summon Small Mamm ||     3
Armor: Robe              ||     2
Dodge: Dodged            ||    10
